cohdb
Replays
Latest Replays
All Replays
Popular Replays
Top Player Replays
Match Explorer
How It Works
Community
CoH3 Stats
Reddit
Sign in to upload your games and track your stats! →
Sign in with Steam
Match 41854029
Unlisted
Match 41854029
Overview
Messages
Build Orders
End
Construct Barracks
Riflemen Squad
Riflemen Squad
Riflemen Squad
Riflemen Squad
Construct Medical Station
Grenade Package
Infantry Support Center
M1918 Browning Automatic Rifles
Construct Motor Pool
Selects Heavy Weapons
Selects Assault Carriers
Selects Exchangeable Parts
M8 Greyhound Armored Car
Engineer Squad
Construct Tank Depot
M18 Hellcat Tank Destroyer
Selects M26 Pershing Heavy Tank
M26 Pershing Heavy Tank
Advanced Logistics
Engineer Squad
Engineer Squad
M4(105) Sherman Bulldozer
Selects M2HB .50cal Heavy Machine Gun
Selects Rapid Reposition
Selects M2HB .50cal Heavy Machine Gun
Selects Gallant Stand
Selects Black Dragon Artillery Barrage
Black Dragon Artillery Barrage
homig
kerem
ShadowStorm
Jesus is my man
Ghillie††Von††Pane
Branimir XII
Inzanity
VleesKuip
0
0
Comments
sign in to comment!
No comments posted yet!